Map: [ESL] Cosmic Sapphire

Players

Maplez

  • Race: Protoss Protoss
  • Spawn Location: 5:00

Scarlett - Winner!

  • Race: Zerg Zerg
  • Spawn Location: 11:00

Event: DreamHack SC2 Masters 2022 Valencia

VOD

Have the link to the VOD?

Description

Time

  • Played on: July 1, 2022, 9:47 a.m.
  • Length: 10:46

All games in this series

Show
View Real Time Build Order
Export as new Build Order

Maplez Protoss 

Build Orders: 1 Gate Expand, Oracle Opening 

Get SALT Encoding   

  12  0:00  Probe  
  13  0:12  Probe  
  14  0:18  Pylon  
  14  0:24  Probe  
  15  0:36  Probe (Chrono Boost)  
  15  0:40  Gateway  
  16  0:46  Probe (Chrono Boost)  
  17  0:52  Probe, Assimilator  
  18  1:04  Probe  
  19  1:16  Probe  
  20  1:28  Nexus  
  20  1:39  Cybernetics Core  
  20  1:42  Probe  
  21  1:48  Assimilator  
  21  1:54  Probe  
  22  2:01  Pylon  
  22  2:06  Probe  
  22  2:18  Adept (Chrono Boost)  
  22  2:20  Probe  
  25  2:22  Stargate  
  25  2:29  Warp Gate  
  25  2:33  Probe (Chrono Boost)  
  26  2:38  Stalker (Chrono Boost)  
  26  2:42  Probe (Chrono Boost)  
  29  2:50  Probe x2 (Chrono Boost)  
  31  2:57  Probe  
  32  2:58  Probe  
  32  3:03  Oracle (Chrono Boost)  
  33  3:09  Probe  
  33  3:10  Probe  
  38  3:15  Adept  
  40  3:21  Pylon, Probe  
  40  3:23  Probe  
  42  3:33  Probe  
  43  3:34  Oracle (Chrono Boost), Assimilator  
  46  3:42  Pylon, Probe  
  46  3:45  Probe  
  48  3:54  Probe  
  49  3:57  Probe  
  49  3:59  Twilight Council  
  50  4:02  Gateway  
  50  4:06  Probe  
  50  4:09  Gateway  
  51  4:11  Pylon  
  51  4:17  Probe  
  48  4:26  Probe, Adept  
  48  4:27  Pylon  
  48  4:30  Resonating Glaives (Chrono Boost)  
  51  4:31  Gateway  
  51  4:37  Probe  
  52  4:42  Probe  
  53  4:47  Adept  
  53  4:51  Probe  
  55  4:58  Probe  
  56  5:00  Adept  
  56  5:03  Pylon, Probe  
  59  5:09  Assimilator  
  59  5:12  Nexus  
  59  5:16  Probe  
  59  5:18  Adept x2  
  64  5:23  Shield Battery  
  64  5:25  Probe  
  64  5:27  Adept x2  
  69  5:28  Probe  
  70  5:39  Adept x2  
  70  5:41  Probe  
  70  5:42  Pylon  
  75  5:47  Adept  
  75  5:48  Adept  
  79  5:56  Stargate  
  79  6:00  Probe  
  80  6:05  Probe  
  80  6:09  Stargate  
  81  6:12  Probe  
  81  6:17  Probe  
  81  6:19  Adept x2  
  81  6:20  Adept x2  
  81  6:23  Phoenix (Chrono Boost)  
  81  6:24  Probe (Chrono Boost)  
  90  6:30  Probe (Chrono Boost)  
  92  6:35  Probe (Chrono Boost), Shield Battery  
  92  6:36  Probe (Chrono Boost)  
  94  6:40  Probe (Chrono Boost)  
  94  6:42  Probe (Chrono Boost)  
  94  6:44  Probe (Chrono Boost)  
  98  6:47  Protoss Air Weapons Level 1 (Chrono Boost)  
  98  6:54  Probe x2  
  98  6:55  Adept x3  
  98  6:56  Adept, Probe  
  105  7:06  Probe  
  105  7:07  Probe  
  107  7:08  Probe  
  108  7:16  Phoenix (Chrono Boost)  
  108  7:18  Probe  
  108  7:20  Pylon  
  108  7:21  Pylon  
  103  7:24  Gateway  
  103  7:25  Pylon, Phoenix (Chrono Boost)  
  103  7:26  Gateway  
  103  7:29  Charge (Chrono Boost)  
  95  7:30  Assimilator  
  95  7:31  Assimilator  
  95  7:33  Pylon  
  95  7:34  Pylon  
  89  7:41  Shield Battery, Gateway  
  89  7:47  Templar Archives  
  89  7:48  Gateway  
  89  7:49  Phoenix  
  91  8:06  Probe  
  91  8:07  Probe x2  
  91  8:11  Gateway  
  92  8:12  Gateway  
  92  8:15  Gateway  
  92  8:16  Gateway  
  88  8:20  Robotics Facility  
  88  8:32  High Templar x4, Zealot x2  
  99  8:36  Shield Battery  
  99  8:37  Nexus, Archon x2, Shield Battery  
  99  8:39  Pylon  
  99  8:48  Fleet Beacon  
  99  8:49  Pylon  
  99  8:53  Zealot x3  
  105  8:56  Probe x3  
  108  9:04  Zealot  
  109  9:10  Forge  
  109  9:12  Probe  
  109  9:13  Zealot x4  
  109  9:14  Zealot  
  120  9:20  Zealot x3  
  120  9:23  Probe x2  
  128  9:24  Probe  
  128  9:27  Warp Prism (Chrono Boost)  
  131  9:35  Probe  
  132  9:38  Zealot x3  
  136  9:53  High Templar x4, Zealot x3  
  136  9:54  Sentry x2  
  136  9:56  Shield Battery  
  136  9:57  Archon x2  
  154  10:06  Probe x2  
  154  10:07  Probe x2  
  150  10:12  Photon Cannon x2  
  150  10:19  Zealot x4  
  150  10:20  Zealot x2  
  149  10:36  Zealot x5  
Show
View Real Time Build Order
Export as new Build Order

Scarlett Zerg - Winner!

Build Orders: Hatch First 

Get SALT Encoding   

  12  0:00  Drone  
  13  0:12  Overlord  
  13  0:17  Drone  
  14  0:30  Drone x2  
  16  0:43  Drone  
  17  0:51  Hatchery  
  17  0:55  Drone  
  17  0:57  Drone  
  18  1:09  Extractor  
  17  1:15  Spawning Pool  
  17  1:16  Drone  
  17  1:20  Drone  
  18  1:28  Drone  
  19  1:39  Drone  
  20  1:49  Overlord  
  20  2:02  Queen  
  20  2:05  Queen  
  20  2:06  Drone, Zergling x2  
  26  2:12  Metabolic Boost  
  26  2:14  Drone x2  
  28  2:21  Drone  
  29  2:25  Drone  
  30  2:35  Hatchery  
  29  2:46  Queen  
  29  2:48  Overlord  
  29  2:50  Zergling x2  
  29  2:51  Zergling x2  
  33  2:53  Zergling x2  
  33  2:55  Zergling x2  
  35  3:07  Queen  
  35  3:08  Overlord  
  37  3:14  Drone x2  
  37  3:18  Drone x3  
  42  3:20  Overlord  
  42  3:25  Drone  
  42  3:26  Drone  
  44  3:29  Overlord  
  44  3:34  Queen  
  46  3:41  Drone x3  
  45  3:56  Drone x6  
  45  4:02  Drone x2  
  53  4:06  Drone x2  
  55  4:13  Queen  
  57  4:17  Spore Crawler  
  57  4:19  Drone x3  
  55  4:26  Drone  
  55  4:27  Drone x2  
  55  4:30  Drone x2  
  60  4:33  Drone  
  60  4:34  Queen  
  60  4:38  Drone x3  
  66  4:45  Drone  
  66  4:46  Drone  
  66  4:51  Lair  
  68  4:55  Roach Warren  
  68  4:58  Drone x4  
  69  5:00  Extractor  
  69  5:01  Extractor  
  69  5:05  Drone x5  
  72  5:10  Overlord x2  
  72  5:11  Drone  
  72  5:14  Drone  
  74  5:18  Overlord x2  
  73  5:22  Extractor  
  73  5:24  Extractor  
  73  5:28  Drone x3  
  74  5:35  Drone x2  
  74  5:39  Drone x7, Hatchery  
  82  5:48  Zergling x8  
  86  5:51  Glial Reconstitution  
  86  5:54  Overseer  
  86  5:55  Queen x3  
  92  5:59  Extractor  
  92  6:03  Evolution Chamber  
  90  6:04  Spire  
  90  6:05  Drone x3  
  90  6:07  Drone x2  
  93  6:14  Zergling x10  
  95  6:19  Spore Crawler  
  95  6:25  Roach x3  
  97  6:32  Overlord  
  96  6:34  Roach x3  
  96  6:36  Roach  
  104  6:41  Zerg Missile Weapons Level 1  
  104  6:45  Drone  
  104  6:46  Overlord x2  
  95  7:02  Zergling x4  
  95  7:03  Zergling x20  
  95  7:07  Drone x6  
  105  7:21  Drone x7  
  107  7:27  Drone x3  
  107  7:28  Drone  
  110  7:31  Baneling Nest  
  110  7:34  Drone x5  
  114  7:38  Drone x3  
  117  7:45  Extractor  
  117  7:47  Spore Crawler  
  115  7:54  Overlord x6  
  115  8:01  Overseer  
  115  8:05  Drone x9  
  122  8:14  Centrifugal Hooks  
  122  8:15  Drone  
  122  8:17  Drone x3  
  122  8:18  Evolution Chamber, Zerg Flyer Weapons Level 1  
  122  8:19  Infestation Pit  
  124  8:22  Extractor  
  124  8:26  Hatchery  
  122  8:36  Roach x8  
  137  8:45  Roach x7  
  151  8:55  Hive  
  150  9:11  Extractor, Zergling x38  
  168  9:17  Overlord  
  168  9:18  Overlord  
  168  9:19  Overlord  
  167  9:32  Zergling x8  
  167  9:33  Zergling x10  
  176  9:42  Zergling x12  
  182  9:46  Baneling  
  182  9:47  Baneling x18  
  182  10:08  Zergling x2  
  182  10:09  Zergling x24  
  188  10:23  Zergling x24  

Tags
 
Add a new tag
Caveats
  • Supply blocks, unpowered buildings, or Contaminate may cause inaccurate times.
  • Supply counts are checked every 10 seconds.